Map: Para Site LE

Players

Odin - Winner!

  • Race: Protoss Protoss
  • League: Gold
  • Spawn Location: 5:00

Chillibutt

  • Race: Protoss Protoss
  • League: Gold
  • Spawn Location: 11:00

VOD

Have the link to the VOD?

Description

Time

  • Played on: Dec. 16, 2018, 8:58 a.m.
  • Length: 6:47
Show
View Real Time Build Order
Export as new Build Order

Odin Protoss - Winner!

Build Orders:  

Get SALT Encoding   

  12  0:15  Pylon  
  12  0:18  Probe  
  13  0:33  Forge  
  13  0:45  Probe  
  14  1:04  Assimilator  
  14  1:15  Pylon  
  14  1:17  Pylon  
  14  1:22  Pylon  
  14  1:24  Pylon  
  13  1:33  Probe  
  13  1:42  Photon Cannon  
  13  1:44  Gateway  
  13  1:47  Photon Cannon  
  13  1:50  Probe  
  13  1:51  Assimilator  
  14  1:54  Assimilator  
  14  2:00  Probe  
  15  2:09  Probe  
  16  2:17  Probe  
  17  2:28  Probe, Pylon  
  18  2:40  Probe  
  19  2:48  Cybernetics Core  
  19  2:52  Probe  
  19  2:54  Pylon  
  20  3:00  Probe  
  21  3:08  Probe  
  21  3:09  Gateway  
  22  3:18  Probe  
  22  3:24  Warp Gate  
  23  3:27  Twilight Council  
  23  3:33  Adept  
  25  3:41  Probe  
  26  4:05  Dark Shrine  
  26  4:07  Probe  
  27  4:27  Probe  
  28  4:36  Gateway  
  28  4:42  Gateway, Pylon  
  28  4:51  Nexus  
  28  5:31  Dark Templar x2  
  28  5:32  Dark Templar  
  34  5:38  Dark Templar  
  36  6:24  Dark Templar x3  
Show
View Real Time Build Order
Export as new Build Order

Chillibutt Protoss 

Build Orders:  

Get SALT Encoding   

  12  0:00  Probe  
  13  0:21  Pylon  
  13  0:22  Probe  
  14  0:33  Probe  
  15  0:41  Gateway, Probe  
  16  0:50  Probe  
  16  0:56  Assimilator  
  17  1:01  Probe  
  18  1:13  Probe  
  19  1:37  Probe  
  20  1:49  Probe  
  20  1:51  Cybernetics Core  
  20  1:54  Gateway  
  21  1:57  Zealot  
  23  2:07  Pylon  
  23  2:19  Gateway  
  23  2:31  Adept  
  25  2:39  Probe  
  25  2:40  Gateway  
  26  2:47  Probe  
  26  2:50  Adept  
  29  2:56  Probe  
  30  3:10  Pylon  
  30  3:14  Assimilator  
  30  3:28  Adept x2  
  30  3:29  Probe  
  35  3:41  Probe  
  35  3:46  Twilight Council  
  36  3:53  Probe  
  36  3:55  Nexus  
  37  3:58  Assimilator  
  37  4:00  Adept  
  37  4:26  Adept  
  39  4:36  Pylon  
  39  4:41  Forge  
  39  4:52  Templar Archives  
  39  5:05  Gateway  
  39  5:08  Gateway  
  39  5:13  Probe x2  
  41  5:25  Probe x2  
  41  5:26  Adept x3  
  49  5:32  High Templar  
  51  5:37  Probe x2  
  53  5:49  Probe x2  
  55  5:53  Photon Cannon  
  55  6:01  Probe x2  
  56  6:09  Photon Cannon  
Tags
 
League
GoldGold
Matchup
PvP
Spawn Locations
Cross Positions
Add a new tag
Caveats
  • Supply blocks, unpowered buildings, or Contaminate may cause inaccurate times.
  • Supply counts are checked every 10 seconds.